 Dungeon Crawl Stone Soup version 0.21.0-25-ge575cb9ce8 (webtiles) character file.

6253 GuyWithAPlan the Destroyer (level 10, 0/111 HPs)
             Began as a Demonspawn Fire Elementalist on Jan 26, 2018.
             Was a Follower of Vehumet.
             Succumbed to Sonja's poison
             ... on level 10 of the Dungeon.
             The game lasted 00:30:17 (8690 turns).

GuyWithAPlan the Destroyer (DsFE)                   Turns: 8690, Time: 00:30:17

Health: 0/111      AC:  9    Str: 15    XL:     10   Next: 62%
Magic:  19/19      EV: 16    Int: 20    God:    Vehumet [*.....]
Gold:   321        SH:  0    Dex: 14    Spells: 8/21 levels left

rFire    + . .     SeeInvis .   i - +1 hand axe (elec)
rCold    + . .     Gourm    .   (no shield)
rNeg     . . .     Faith    .   u - +0 ring mail (curse)
rPois    .         Spirit   .   (helmet restricted)
rElec    .         Reflect  .   p - scarf {rC+ rF+}
rCorr    .         Harm     .   x - +0 pair of gloves
MR       .....                  (no boots)
Stlth    ..........             (no amulet)
HPRegen  0.28/turn              y - +2 ring of intelligence
MPRegen  0.16/turn              F - +2 ring of evasion

@: mighty, berserking (expiring), lethally poisoned (0 -> -27), slowed
A: antennae 1, thin metallic scales 1, powered by pain 2
a: Renounce Religion


You were on level 10 of the Dungeon.
You worshipped Vehumet.
Vehumet was aware of your devotion.
You were not hungry.

You visited 1 branch of the dungeon, and saw 8 of its levels.

You collected 321 gold pieces.

Inventory:

Hand Weapons
 i - a +1 hand axe of electrocution (weapon)
Missiles
 f - 8 steel javelins (quivered)
 m - 10 needles of confusion
 q - 6 tomahawks of returning
 t - a throwing net
Armour
 a - a +0 robe
 d - a +1 pair of gloves
 p - a scarf of resistance (worn)
 s - a +0 robe
 u - a cursed +0 ring mail (worn)
 x - a +0 pair of gloves (worn)
Jewellery
 y - a +2 ring of intelligence (left hand)
 F - a +2 ring of evasion (right hand)
Wands
 A - a wand of iceblast (5)
 D - a wand of flame (31)
Scrolls
 h - a scroll of blinking
 l - a scroll of noise
 n - 2 scrolls of enchant armour
 r - a scroll of teleportation
 w - 3 scrolls of remove curse
 B - 3 scrolls of magic mapping
 E - 2 scrolls of amnesia
 G - a scroll of enchant weapon
 I - a scroll of fog {unknown}
Potions
 e - 5 potions of flight
 g - a potion of curing
 j - a potion of cancellation
 k - 2 potions of lignification
 o - a potion of brilliance
 v - a potion of agility
 z - 3 potions of berserk rage
Books
 b - a book of Flames

   Spells                             Type                      Level
   a - Flame Tongue                   Conjuration/Fire             1
   b - Throw Flame                    Conjuration/Fire             2
   c - Conjure Flame                  Conjuration/Fire             3
   d - Inner Flame                    Hexes/Fire                   3
   e - Sticky Flame                   Conjuration/Fire             4
   f - Fireball                       Conjuration/Fire             5
 C - a book of Transfigurations

   Spells                             Type                      Level
   a - Irradiate                      Conjuration/Transmutation    5
   b - Statue Form                    Transmutation/Earth          6
   c - Hydra Form                     Transmutation                6
   d - Dragon Form                    Transmutation                7
Comestibles
 c - 14 rations


   Skills:
 + Level 5.2 Fighting
 - Level 4.1 Axes
 - Level 5.0 Armour
 - Level 7.0 Dodging
 - Level 1.7 Stealth
 - Level 6.0 Spellcasting
 - Level 9.0 Conjurations
 - Level 7.0 Fire Magic


You had 8 spell levels left.
You knew the following spells:

 Your Spells              Type           Power        Failure   Level  Hunger
a - Flame Tongue          Conj/Fire      #####        1%          1    None
b - Sticky Flame          Conj/Fire      #####...     7%          4    ####...
c - Conjure Flame         Conj/Fire      #####...     1%          3    ##.....
d - Fireball              Conj/Fire      #####.....   19%         5    #####..


Dungeon Overview and Level Annotations

Branches:
Dungeon (10/15)              Lair (0/6) D:9
 Temple: D:4-7          Orc: D:9-12

Altars:
Ashenzari
Hepliaklqana
Vehumet
Jiyva

Shops:
D:7 [

Annotations:
D:9 Erolcha


Innate Abilities, Weirdness & Mutations

You have a pair of small antennae on your head.
You are partially covered in thin metallic scales. (AC +2)
You sometimes gain power by taking damage.


Message History

The killer bee closely misses you. The killer bee stings you.
* * * LOW HITPOINT WARNING * * *
The killer bee barely misses you.
You barely miss the killer bee.
The killer bee is heavily wounded.
* * * LOW HITPOINT WARNING * * *
You feel very sick.
The killer bee stings you but does no damage.
The killer bee closely misses you.
Unknown command.
You are too berserk!
You miss the killer bee.
The killer bee is heavily wounded.
* * * LOW HITPOINT WARNING * * *
You feel very sick. The killer bee closely misses you.
The killer bee completely misses you.
Unknown command.
You miss the killer bee.
The killer bee is heavily wounded.
You die...

#... ##..# #... #..#
#..## ##..# #
#..########...# #.
#.......##...## #.
##..........## #..
##..._.....##
#..######.........##
#...#(y@†........##
#..(.†.)........#
#......#........#
#....#######....#
#....# ###..#
#..<... #...
......... ##..#
......... #..#
yy........# #..#


You could see a killer bee.

Vanquished Creatures
  Sonja (D:10)
  A komodo dragon (D:9)
  A troll (D:9)
  A slime creature (D:10)
  3 hippogriffs
  3 yaks
  2 wyverns
  A black bear (D:7)
  4 ice beasts
  A phantom (D:4)
  4 ogres
  A sky beast (D:8)
  A centaur (D:8)
  A big kobold (D:9)
  4 bullfrogs
  4 scorpions
  10 killer bees
  2 crimson imps (D:8)
  2 bullfrog zombies
  A hound (D:3)
  6 jellies
  An orc priest (D:9)
  3 orc wizards
  A bullfrog skeleton (D:9)
  A centaur skeleton (D:4)
  3 iguanas
  5 worker ants
  A howler monkey zombie (D:9)
  5 adders
  8 oozes
  An adder skeleton (D:3)
  3 worms
  2 dart slugs
  8 leopard geckos
  11 orcs
  A giant cockroach (D:7)
  6 goblins
  5 hobgoblins
  3 jackals (D:2)
  8 kobolds
  2 quokkas
  A ball python (D:2)
  5 bats
  7 frilled lizards
  A leopard gecko skeleton (D:4)
  A quokka skeleton (D:7)
  8 rats
  A plant (D:9)
156 creatures vanquished.

Notes
Turn   | Place    | Note
-------+----------+-------------------------------------------
     0 | D:1      | GuyWithAPlan the Demonspawn Fire Elementalist began the quest for the Orb.
     0 | D:1      | Reached XP level 1. HP: 13/13 MP: 3/3
   300 | D:1      | Gained mutation: You sometimes gain a little power by taking damage. [demonic ancestry]
   300 | D:1      | Reached XP level 2. HP: 11/19 MP: 1/5
   915 | D:1      | Reached XP level 3. HP: 24/24 MP: 3/6
  1866 | D:2      | Found a shattered altar of Ashenzari.
  2078 | D:2      | Reached XP level 4. HP: 30/30 MP: 3/7
  2308 | D:3      | Reached skill level 2 in Conjurations
  2752 | D:3      | Learned a level 4 spell: Sticky Flame
  2759 | D:3      | Gained mutation: You have a pair of small antennae on your head. [demonic ancestry]
  2759 | D:3      | Reached XP level 5. HP: 22/35 MP: 1/8
  3098 | D:3      | Reached skill level 3 in Conjurations
  3507 | D:4      | Noticed a phantom
  3597 | D:4      | Reached skill level 5 in Fire Magic
  3657 | D:4      | Killed a phantom
  3657 | D:4      | Reached skill level 4 in Conjurations
  3657 | D:4      | Reached XP level 6. HP: 16/41 MP: 3/9
  3773 | D:4      | Reached skill level 5 in Conjurations
  4282 | D:4      | Reached XP level 7. HP: 33/46 MP: 3/10
  4410 | D:4      | You fall through a shaft for 3 floors!
  4503 | D:7      | Noticed a hippogriff
  4518 | D:7      | Killed a hippogriff
  4705 | D:7      | Reached skill level 5 in Dodging
  4830 | D:7      | Reached skill level 7 in Conjurations
  4830 | D:7      | Reached XP level 8. HP: 61/61 MP: 10/15
  4835 | D:7      | Learned a level 3 spell: Conjure Flame
  4841 | D:7      | Learned a level 5 spell: Fireball
  4902 | D:7      | Found a hazy altar of Hepliaklqana.
  4972 | D:7      | Found Imecwaow's Armour Boutique.
  5032 | D:7      | Gained mutation: You are partially covered in thin metallic scales. (AC +2) [demonic ancestry]
  5032 | D:7      | Reached XP level 9. HP: 58/66 MP: 10/16
  5117 | D:7      | Reached skill level 5 in Spellcasting
  5272 | D:8      | Reached skill level 5 in Fighting
  5346 | D:8      | Reached skill level 1 in Armour
  5507 | D:8      | Found a radiant altar of Vehumet.
  6050 | D:8      | Became a worshipper of Vehumet
  6814 | D:8      | Reached skill level 5 in Armour
  7073 | D:7      | Gained mutation: You sometimes gain power by taking damage. [demonic ancestry]
  7073 | D:7      | Reached XP level 10. HP: 23/74 MP: 5/17
  7436 | D:9      | Reached skill level 8 in Conjurations
  7576 | D:9      | Noticed Erolcha
  7828 | D:9      | Found a staircase to the Lair.
  8154 | D:9      | Reached * piety under Vehumet
  8154 | D:9      | Offered knowledge of Freeze by Vehumet.
  8193 | D:9      | Reached skill level 9 in Conjurations
  8517 | D:10     | Entered Level 10 of the Dungeon
  8525 | D:10     | Found a viscous altar of Jiyva.
  8676 | D:10     | Noticed Sonja
  8684 | D:10     | Killed Sonja
  8689 | D:10     | HP: 3/111 [poisoned by Sonja]
  8690 | D:10     | Succumbed to Sonja's poison

Skill      XL: |  1  2  3  4  5  6  7  8  9 10 |
---------------+-------------------------------+-----
Fire Magic     | 3 4 5 6 7 |  7.0
Conjurations   | 2 4 5 7 9 |  9.0
Dodging        | 2 6 7 |  7.0
Fighting       | 4 5 |  5.2
Axes           | 4 |  4.1
Spellcasting   | 4 5 6 |  6.0
Armour         | 5 |  5.0
Stealth        | |  1.7

Action                   |  1- 3 |  4- 6 |  7- 9 | 10-12 || total
-------------------------+-------+-------+-------+-------++-------
Melee: Unarmed           |     3 |       |       |       ||     3
       Hand axe          |     5 |    47 |    51 |    23 ||   126
Throw: Javelin           |       |    12 |    17 |       ||    29
       Throwing net      |       |     1 |       |       ||     1
 Cast: Flame Tongue      |    84 |    71 |    45 |    23 ||   223
       Sticky Flame      |       |     4 |    33 |    23 ||    60
       Conjure Flame     |       |       |     5 |       ||     5
       Fireball          |       |       |     2 |     2 ||     4
  Use: Scroll            |       |     7 |     8 |     1 ||    16
       Potion            |       |     2 |     1 |     2 ||     5
 Stab: Sleeping          |       |     1 |       |       ||     1
  Eat: Chunk             |     5 |     5 |    12 |     7 ||    29
       Ration            |       |     1 |     1 |     1 ||     3
Armor: Robe              |     8 |    19 |    10 |     1 ||    38
       Skin              |       |     7 |       |       ||     7
       Ring mail         |       |       |       |    27 ||    27
Dodge: Dodged            |    27 |    39 |   104 |    79 ||   249
